 Dungeon Crawl Stone Soup version 0.26.0-10-g1f06aea511 (webtiles) character file.

Game seed: 5944061091231934422

85196 Dracia the Peltast (level 15, -12/129 (132) HPs)
             Began as a Demonspawn Fighter on Jan 19, 2021.
             Was the Champion of Makhleb.
             Killed from afar by an orc sorcerer (16 damage)
             ... with a bolt of fire
             ... while paralysed by an orc sorcerer
             ... on level 13 of the Dungeon.
             The game lasted 00:56:25 (24766 turns).

Dracia the Peltast (Demonspawn Fighter)            Turns: 24766, Time: 00:56:26

HP:   -12/129 (132) AC: 25    Str: 23    XL:     15   Next: 37%
MP:   24/24         EV:  2    Int: 16    God:    Makhleb [******]
Gold: 2956          SH:  0    Dex: 18    Spells: 14/14 levels left

rFire    . . .     SeeInvis .   E - +8 dagger "Qepeduru" {venom, rElec Dex+4 Stlth+}
rCold    . . .     Faith    .   c - +3 kite shield
rNeg     . . .     Spirit   .   U - +2 chain mail of Pankised {Regen+ Int+6}
rPois    .         Reflect  +   V - +0 hat
rElec    +         Harm     .   q - +1 cloak {rCorr}
rCorr    +         Rampage  .   k - +0 pair of gloves
Will     ++...                  t - +0 pair of boots {Fly}
Stlth    +.........             u - amulet "Quri" {Reflect Will+ Dex+2 SH+5 Stlth+}
HPRegen  0.71/turn              O - +4 ring of protection
MPRegen  0.19/turn              R - ring of resist corrosion

@: paralysed, mighty, agile, flying, lightly drained
A: talons 2, rugged brown scales 3, mutation resistance 1, powered by pain 1,
spiny 1
a: Stop Flying, Renounce Religion, Minor Destruction, Lesser Servant of Makhleb,
Major Destruction, Greater Servant of Makhleb


You were on level 13 of the Dungeon.
You worshipped Makhleb.
Makhleb was exalted by your worship.
You visited 4 branches of the dungeon, and saw 22 of its levels.
You also visited: Volcano.

You collected 2956 gold pieces.


Innate Abilities, Weirdness & Mutations

You have razor-sharp toenails.
You are completely covered in rugged brown scales. (AC +3, +7% HP)
You sometimes gain a little power by taking damage.
You are partially covered in sharp spines.
You are somewhat resistant to further mutation.


   Skills:
 + Level 13.4 Fighting
 - Level 10.0 Short Blades
 - Level 8.1 Armour
 - Level 7.5 Dodging
 - Level 15.0 Shields
 - Level 12.0 Invocations


You had 14 spell levels left.
You didn't know any spells.
Your spell library contained the following spells:

 Spells                   Type           Power        Failure   Level
 Freeze                   Ice            0%           83%         1
 Magic Dart               Conj           0%           83%         1
 Shock                    Conj/Air       0%           83%         1
 Sting                    Tmut/Pois      0%           83%         1
 Blink                    Tloc           N/A          93%         2
 Corpse Rot               Necr/Air       N/A          93%         2
 Ensorcelled Hibernation  Hex/Ice        0%           93%         2
 Poisonous Vapours        Pois/Air       0%           93%         2
 Searing Ray              Conj           0%           93%         2
 Conjure Flame            Conj/Fire      0%           99%         3
 Dazzling Flash           Conj/Hex       0%           99%         3
 Ignite Poison            Fire/Tmut/Pois 0%           99%         3
 Mephitic Cloud           Conj/Pois/Air  0%           99%         3
 Stone Arrow              Conj/Erth      0%           99%         3
 Fulminant Prism          Conj/Hex       0%           100%        4
 Iskenderun's Mystic Bla  Conj/Tloc      0%           100%        4
 Olgreb's Toxic Radiance  Pois           0%           100%        4
 Bolt of Magma            Conj/Fire/Erth 0%           100%        5
 Irradiate                Conj/Tmut      0%           100%        5
 Iskenderun's Battlesphe  Conj           0%           100%        5
 Summon Forest            Summ/Tloc      0%           100%        5
 Eringya's Noxious Bog    Tmut/Pois      0%           100%        6
 Freezing Cloud           Conj/Ice/Air   0%           100%        6
 Hydra Form               Tmut           0%           100%        6
 Iron Shot                Conj/Erth      0%           100%        6
 Simulacrum               Ice/Necr       0%           100%        6
 Statue Form              Tmut/Erth      0%           100%        6
 Dragon Form              Tmut           0%           100%        7
 Orb of Destruction       Conj           0%           100%        7
 Spellforged Servitor     Conj/Summ      0%           100%        7
 Summon Hydra             Summ           0%           100%        7

Inventory:

Hand Weapons
 n - the +4 hand axe of Zeiva {speed, rC+}
   (You found it on level 4 of the Lair of Beasts)

   Attacks with this weapon are significantly faster.
   It protects you from cold.
 B - the +7 hand crossbow of Prudence {venom, Str+3 Dex+4}
   (You found it on level 3 of the Lair of Beasts)

   It poisons the ammo it fires.
   It affects your strength (+3).
   It affects your dexterity (+4).
 E - the +8 dagger "Qepeduru" (weapon) {venom, rElec Dex+4 Stlth+}
   (You found it on level 7 of the Dungeon)

   It poisons the flesh of those it strikes.
   It affects your dexterity (+4).
   It insulates you from electricity.
   It makes you more stealthy.
Missiles
 r - 7 javelins (quivered)
Armour
 a - a +2 cloak
 c - a +3 kite shield (worn)
 k - a +0 pair of gloves (worn)
 q - a +1 cloak of preservation (worn)
 t - a +0 pair of boots of flying (worn)
 U - the +2 chain mail of Pankised (worn) {Regen+ Int+6}
   (You took it off an orc on level 3 of the Dungeon)

   It affects your intelligence (+6).
   It increases your rate of regeneration.
 V - a +0 hat (worn)
Jewellery
 f - an uncursed ring of protection from fire
 u - the amulet "Quri" (around neck) {Reflect Will+ Dex+2 SH+5 Stlth+}
   (You acquired it on level 5 of the Dungeon)

   [amulet of reflection]

   It shields you and reflects attacks.
   It affects your dexterity (+2).
   It affects your willpower, your defense against some magical effects.
   It affects your SH (+5).
   It makes you more stealthy.
 v - an uncursed ring of see invisible
 O - a +4 ring of protection (left hand)
 R - a ring of resist corrosion (right hand)
Wands
 e - a wand of polymorph (17)
 D - a wand of digging (15)
 H - a wand of disintegration (25)
 J - a wand of paralysis (23)
 P - a wand of iceblast (12)
Scrolls
 h - 2 scrolls of immolation
 j - 18 scrolls of teleportation {@r4@r4}
 p - 6 scrolls of remove curse {@r2@r2}
 x - 5 scrolls of amnesia
 y - 5 scrolls of magic mapping
 z - 4 scrolls of blinking
 I - a scroll of identify {@r1@r1}
 Q - 3 scrolls of enchant weapon
 Y - 2 scrolls of fog
Potions
 b - 9 potions of ambrosia
 d - 3 potions of might
 i - 5 potions of haste {@q3@q3}
 l - 8 potions of heal wounds {@q2@q2}
 m - 10 potions of curing {@q1@q1}
 o - 3 potions of magic
 s - a potion of resistance
 w - 2 potions of invisibility
 A - 4 potions of lignification
 C - 4 potions of attraction
 F - 5 potions of berserk rage {!q!q}
 K - 6 potions of brilliance
 S - 2 potions of mutation
Miscellaneous
 X - a box of beasts
 Z - a phial of floods

Dungeon Overview and Level Annotations

Branches:
Dungeon (13/15)            Temple (1/1) D:4            Lair (6/6) D:11
  Swamp (0/4) Lair:4       Spider (0/4) Lair:2        Slime (0/5) Lair:5
    Orc (2/2) D:11            Elf (0/3) Orc:2       Volcano (visited)
 Vaults: D:13-14

Altars:
Ashenzari
Cheibriados
Dithmenos
Elyvilon
Fedhas
Gozag
Hepliaklqana
Kikubaaqudgha
Makhleb
Nemelex Xobeh
Okawaru
Qazlal
Ru
Sif Muna
Trog
Uskayaw
Vehumet
Wu Jian
Xom
Yredelemnul
Zin
The Shining One
Beogh
Jiyva

Shops:
D:7 :   D:10 :   Orc:2 (![!

Annotations:
D:9 2 transporters, dohliylev's ghost, novice MiBe
Lair:2 exclusion: 4 oklob plants #≈≈≈≈.#.... #...# #≈≈≈≈.#.... #...# ###≈≈≈...... #...... +........ . +...#. +......###. #.... +.....#.... #.Q*# #≈≈≈....... #eop#

#≈≈≈(.#....
#.@.#####≈≈≈≈......
#4..#.(.)≈≈≈≈......
#...'.(..≈≈≈≈...((.
#?..#...#≈≈≈.......
#########≈≈...#....
#..#..#....
#..#..#....
#..#..#....
#####..####(


You could see a vault guard (very poisoned), a deep elf knight (fast, extremely
poisoned), a hellwing (summoned), an orc sorcerer (extremely poisoned), a tengu
conjurer and a battlesphere.


Message History

You block the deep elf knight's attack.
The orc sorcerer is struck by your spines.
The orc sorcerer hits you but does no damage.
Unknown command.
The deep elf knight blocks your attack.
The deep elf knight is heavily wounded.
The vault guard hits you with a +0 war axe!
You block the deep elf knight's attack.
Unknown command.
You puncture the deep elf knight!
The deep elf knight looks as sick as possible!
The deep elf knight is severely wounded.
The orc sorcerer casts a spell at you.
You suddenly lose the ability to move!
The deep elf knight hits you with a +0 scimitar.
* * * LOW HITPOINT WARNING * * *
The vault guard hits you but does no damage.
The orc sorcerer casts a spell.
The deep elf knight points at you and mumbles some strange words.
The shard of ice hits you!!!
* * * LOW HITPOINT WARNING * * *
You focus on the pain.
You feel very mighty all of a sudden.
The vault guard is struck by your spines.
The vault guard hits you with a +0 war axe.
* * * LOW HITPOINT WARNING * * *
The deep elf knight barely misses you. The orc sorcerer casts a spell at you.
The bolt of fire hits you!
You die...

Skill      XL: |  1  2  3  4  5  6  7  8  9 10 11 12 13 14 15 |
---------------+----------------------------------------------+-----
Shields        | 3 4 5 6 8 11 14 15 | 15.0
Armour         | 3 4 5 6 8 |  8.1
Dodging        | 1 2 3 4 6 7 |  7.5
Short Blades   | 9 10 | 10.0
Fighting       | 6 11 13 | 13.4
Invocations    | 9 12 | 12.0

Action                   |  1- 3 |  4- 6 |  7- 9 | 10-12 | 13-15 || total
-------------------------+-------+-------+-------+-------+-------++-------
Melee: Rapier            |   101 |   170 |   230 |       |       ||   501
       Unarmed           |       |       |     3 |       |       ||     3
       Dagger            |       |       |   112 |  1060 |  1849 ||  3021
       Quick blade       |       |       |       |    44 |       ||    44
Evoke: Wand              |       |       |     8 |     2 |       ||    10
  Use: Scroll            |     4 |     6 |     9 |    11 |     8 ||    38
       Potion            |       |       |       |     5 |     1 ||     6
 Stab: Paralysed         |       |       |     4 |       |       ||     4
       Sleeping          |       |       |       |     2 |       ||     2
       Petrified         |       |       |       |       |     5 ||     5
       Petrifying        |       |       |       |       |     1 ||     1
       Distracted        |       |       |       |       |     1 ||     1
Armor: Scale mail        |    34 |    46 |   102 |       |       ||   182
       Ring mail         |       |       |     5 |    22 |       ||    27
       Chain mail        |       |       |       |   161 |   393 ||   554
Dodge: Dodged            |    26 |    48 |   123 |   173 |   363 ||   733
Block: Kite shield       |    50 |    71 |   296 |   693 |  1438 ||  2548
       Reflection        |       |       |     7 |    10 |    86 ||   103

Levels and vault maps discovered:
D:1:      nagdon_arrival_double_spiral, layout_loops_ring,
          chequers_serial_rivers_small_b
D:2:      minmay_alternating_diamond, layout_basic, kennysheep_generic_room_9
D:3:      layout_loops_corners, biasface_ghost_orc_armoury
D:4:      layout_loops_cross, nicolae_dithmenos_through_a_glass_darkly,
          pdpol_wu_jian_five_deadly_venoms, minmay_temple_entry_mini_moons,
          nicolae_tso_carved_into_rock
D:5:      layout_basic, grunt_temple_overflow_champion_of_chaos, uniq_eustachio
D:6:      cheibrodos_two_vegetables, layout_layer_cave,
          lemuel_coloured_pillars_altar
D:7:      layout_basic, old_standard_altar,
          chequers_temple_overflow_statue_of_worship, serial_shops,
          kennysheep_mini_moat, small_statue_intersection, minmay_ruffians,
          uniq_prince_ribbit1, uniq_menkaure
D:8:      layout_rooms, zin_statuary
D:9:      layout_layer_cave, special_room [special_room_bee],
          gammafunk_ghost_wrathful_warriors
D:10:     minmay_chambers_of_sevens, layout_basic, serial_shops,
          nicolae_shop_waterfront, hangedman_abyss_or_decor_slice
D:11:     layout_gridville, minmay_lair_entry_grove, david_orc_4,
          gammafunk_ghost_grave
D:12:     layout_irregular_city, uniq_maurice, uniq_frances
D:13:     layout_grid_maze, grunt_vaults_entry_fortified, chequers_big_river
Temple:   nicolae_temple_figure_eight
Lair:1:   layout_long_grid, nicolae_volcano_entry_vermiform, grunt_megastairs_1
Lair:2:   layout_cave_pods, spider_nest_entry_a, lemuel_fruit_fields,
          minmay_lair_oklob_chamber, uniq_gastronok
Lair:3:   layout_gridlike, lemuel_old_faithful
Lair:4:   nzn_winding_woodlands_small [nzn_winding_woodlands_5x15_split_checker,
          nzn_winding_woodlands_center_diamonds,
          nzn_winding_woodlands_5x15_zeroes], layout_cave_pods,
          minmay_swamp_entry_worms, minmay_lindwurm_lava, serial_bayou_shore_a,
          infiniplex_staircase_pool, lemuel_fruit_fields, uniq_sonja
Lair:5:   layout_big_grid, slime_altar_1, eino_small_chamber_without_monster
Lair:6:   grunt_lair_end_beastmaster, layout_regular_city, kennysheep_rathole
Orc:1:    layout_caves, basic_altar, uniq_erica
Orc:2:    st_orc_rangers, layout_diamond_mine, led_sif_book

Notes
Turn   | Place    | Note
-------+----------+-------------------------------------------
     0 | D:1      | Dracia the Demonspawn Fighter began the quest for the Orb.
     0 | D:1      | Reached XP level 1. HP: 18/18 MP: 1/1
   170 | D:1      | Gained mutation: You are partially covered in sharp spines.
                  | [demonic ancestry]
   170 | D:1      | Reached XP level 2. HP: 23/24 MP: 2/2
   295 | D:1      | Reached skill level 3 in Shields
   370 | D:1      | Reached skill level 3 in Armour
   370 | D:1      | Reached skill level 1 in Dodging
   930 | D:2      | Gained mutation: You sometimes gain a little power by
                  | taking damage. [demonic ancestry]
   930 | D:2      | Reached XP level 3. HP: 28/29 MP: 3/3
  1481 | D:2      | Reached XP level 4. HP: 33/35 MP: 4/4
  2149 | D:3      | Found a runed translucent gate.
  2149 | D:3      | Found a runed translucent gate.
  2150 | D:3      | Found a runed translucent gate.
  2150 | D:3      | Noticed dscm's ghost (amateur OpEE)
  2151 | D:3      | Identified the +5 spear of Hatred {vorpal, Fragile rElec
                  | Str+3}
  2151 | D:3      | Identified the +2 chain mail of Pankised {Regen+ Int+6}
  2152 | D:3      | Found a roughly hewn altar of Beogh.
  2245 | D:3      | Reached skill level 2 in Dodging
  2524 | D:3      | Gained mutation: You are partially covered in rugged brown
                  | scales. (AC +1, +3% HP) [demonic ancestry]
  2524 | D:3      | Reached XP level 5. HP: 33/42 MP: 5/5
  3260 | D:4      | Found a staircase to the Ecumenical Temple.
  3285 | Temple   | Entered the Ecumenical Temple
  3606 | D:4      | Found a glowing golden altar of the Shining One.
  3651 | D:4      | Found a shadowy altar of Dithmenos.
  3651 | D:4      | You fall into a shaft and drop 2 floors!
  3666 | D:6      | Reached skill level 4 in Armour
  3666 | D:6      | Reached skill level 4 in Shields
  3748 | D:5      | Entered Level 5 of the Dungeon
  3763 | D:5      | Reached skill level 3 in Dodging
  3763 | D:5      | Reached XP level 6. HP: 46/48 MP: 6/6
  4762 | D:4      | Found an ornate altar of the Wu Jian Council.
  4868 | D:5      | Noticed an ice beast
  4878 | D:5      | Killed an ice beast
  4879 | D:5      | Reached XP level 7. HP: 31/53 MP: 7/7
  5085 | D:5      | Noticed Eustachio
  5103 | D:5      | Killed Eustachio
  5104 | D:5      | Reached skill level 5 in Armour
  5104 | D:5      | Reached skill level 4 in Dodging
  5104 | D:5      | Reached skill level 5 in Shields
  5718 | D:5      | Found a shimmering altar of Xom.
  5719 | D:5      | Found a burning altar of Makhleb.
  5928 | D:5      | Got a fine hand axe
  5928 | D:5      | Identified the +9 hand axe "Puawk" {drain, rC+ Dex+5} (You
                  | found it on level 5 of the Dungeon)
  5931 | D:5      | Identified a scroll of acquirement
  5931 | D:5      | Acquired the amulet "Quri" {Reflect Will+ Dex+2 SH+5
                  | Stlth+}
  5993 | D:6      | Gained mutation: You are mostly covered in rugged brown
                  | scales. (AC +2, +5% HP) [demonic ancestry]
  5993 | D:6      | Reached XP level 8. HP: 47/60 MP: 8/8
  6973 | D:6      | Reached skill level 5 in Dodging
  6984 | D:6      | Reached skill level 6 in Armour
  6984 | D:6      | Reached skill level 6 in Shields
  7500 | D:6      | Found a radiant altar of Vehumet.
  7635 | D:7      | Found a white marble altar of Elyvilon.
  7669 | D:7      | Found a hide-covered altar of Uskayaw.
  7671 | D:7      | Found an ancient bone altar of Kikubaaqudgha.
  7754 | D:7      | Noticed Prince Ribbit
  7767 | D:7      | Killed Prince Ribbit
  7768 | D:7      | Reached skill level 6 in Dodging
  7820 | D:7      | Reached XP level 9. HP: 62/66 MP: 9/9
  7935 | D:7      | Reached skill level 7 in Shields
  7939 | D:7      | Reached skill level 7 in Armour
  8078 | D:7      | Got an ancient dagger
  8078 | D:7      | Identified the +8 dagger "Qepeduru" {venom, rElec Dex+4
                  | Stlth+} (You found it on level 7 of the Dungeon)
  8152 | D:7      | Noticed Menkaure
  8162 | D:7      | Killed Menkaure
  8201 | D:7      | Reached skill level 7 in Dodging
  8430 | D:7      | Found Juanim's Book Boutique.
  8580 | D:8      | Got a smelly ring mail
  8590 | D:8      | Identified the +3 ring mail "Gexooq" {rElec} (You found it
                  | on level 8 of the Dungeon)
  8655 | D:8      | Reached skill level 8 in Shields
  8676 | D:8      | Reached skill level 8 in Armour
  8761 | D:8      | Reached XP level 10. HP: 73/73 MP: 10/10
  8864 | D:8      | Found a glowing silver altar of Zin.
  8926 | D:9      | Reached skill level 2 in Short Blades
  9104 | D:9      | Reached skill level 3 in Short Blades
  9134 | D:9      | Noticed dohliylev's ghost (novice MiBe)
  9143 | D:9      | Found a bloodstained altar of Trog.
  9150 | D:9      | Found a transporter.
  9152 | D:9      | Found a transporter.
  9152 | D:9      | Identified the +6 flail of Agiuraq {antimagic, Will+}
  9153 | D:9      | Noticed a moth of wrath
  9153 | D:9      | Identified the +3 flail of Naulo {vorpal, Str+4 Dex+3}
  9153 | D:9      | Noticed a tengu warrior
  9308 | D:9      | Noticed a two-headed ogre
  9443 | D:9      | Reached skill level 4 in Short Blades
  9474 | D:9      | Reached skill level 5 in Short Blades
  9593 | D:5      | Became a worshipper of Makhleb the Destroyer
  9910 | D:3      | Killed dscm's ghost
  9911 | D:3      | Reached skill level 6 in Short Blades
 11222 | D:10     | Entered Level 10 of the Dungeon
 11386 | D:10     | Found Qoebalis's Book Shop.
 11402 | D:10     | Noticed a two-headed ogre
 11412 | D:10     | Killed a two-headed ogre
 11413 | D:10     | Reached skill level 7 in Short Blades
 11567 | D:10     | Reached skill level 8 in Short Blades
 11783 | D:10     | Reached * piety under Makhleb
 11787 | D:10     | Noticed a death knight
 11787 | D:10     | Noticed a centaur warrior
 11788 | D:10     | Noticed a boulder beetle
 11788 | D:10     | Noticed a boulder beetle
 11812 | D:10     | Killed a boulder beetle
 11813 | D:10     | Reached skill level 9 in Short Blades
 11813 | D:10     | Gained mutation: You are completely covered in rugged brown
                  | scales. (AC +3, +7% HP) [demonic ancestry]
 11813 | D:10     | Reached XP level 11. HP: 63/80 MP: 11/11
 11830 | D:10     | Killed a death knight
 11844 | D:10     | Killed a centaur warrior
 11847 | D:10     | Killed a boulder beetle
 11848 | D:10     | Reached skill level 10 in Short Blades
 12343 | D:11     | Noticed a purple ugly thing
 12370 | D:11     | Killed a purple ugly thing
 12371 | D:11     | Reached skill level 9 in Shields
 12462 | D:11     | Found a staircase to the Lair.
 12482 | D:11     | Noticed a two-headed ogre
 12495 | D:11     | Killed a two-headed ogre
 12496 | D:11     | Reached skill level 10 in Shields
 12523 | D:11     | Found a runed translucent door.
 12523 | D:11     | Noticed p0werm0de's ghost (journeyman DsFi)
 12556 | D:11     | Noticed a two-headed ogre
 12566 | D:11     | Killed a two-headed ogre
 12914 | D:11     | Reached ** piety under Makhleb
 12996 | D:11     | Reached skill level 11 in Shields
 13065 | D:11     | Found a staircase to the Orcish Mines.
 13460 | D:11     | Killed p0werm0de's ghost
 13461 | D:11     | Gained mutation: You have sharp toenails. [demonic
                  | ancestry]
 13461 | D:11     | Reached XP level 12. HP: 29/86 MP: 12/12
 13615 | Lair:1   | Entered Level 1 of the Lair of Beasts
 13871 | Lair:1   | Found a dark tunnel.
 13925 | Volcano  | Entered a volcano
 13952 | Volcano  | Reached skill level 12 in Shields
 14267 | Volcano  | Reached *** piety under Makhleb
 14846 | Lair:1   | Reached skill level 13 in Shields
 15179 | Lair:1   | Noticed a six-headed hydra
 15196 | Lair:1   | Killed a six-headed hydra
 15496 | Lair:1   | Identified a potion of resistance
 15547 | Lair:2   | Noticed a five-headed hydra
 15558 | Lair:2   | Killed a five-headed hydra
 15768 | Lair:2   | Found a hole to the Spider Nest.
 15988 | Lair:2   | Reached skill level 14 in Shields
 16253 | Lair:2   | Noticed Gastronok
 16289 | Lair:2   | Killed Gastronok
 16290 | Lair:2   | Gained mutation: You have razor-sharp toenails. [demonic
                  | ancestry]
 16290 | Lair:2   | Reached XP level 13. HP: 57/92 MP: 13/13
 16672 | Lair:3   | Got a bloodstained hand crossbow
 16673 | Lair:3   | Identified the +7 hand crossbow of Prudence {venom, Str+3
                  | Dex+4} (You found it on level 3 of the Lair of Beasts)
 16720 | Lair:3   | Reached **** piety under Makhleb
 16879 | Lair:3   | You are sucked into a shaft and drop 1 floor!
 17050 | Lair:4   | Reached skill level 15 in Shields
 17167 | Lair:3   | Reached skill level 4 in Fighting
 17702 | Lair:4   | Reached skill level 5 in Fighting
 17754 | Lair:4   | Reached skill level 6 in Fighting
 17755 | Lair:4   | Noticed a dire elephant
 17819 | Lair:4   | Killed a dire elephant
 17912 | Lair:4   | Reached skill level 1 in Invocations
 17924 | Lair:4   | Reached skill level 2 in Invocations
 17998 | Lair:4   | Reached skill level 3 in Invocations
 18010 | Lair:4   | Reached skill level 4 in Invocations
 18029 | Lair:4   | Reached skill level 5 in Invocations
 18143 | Lair:4   | Identified the Disquisition on the Congealing Traveller
 18459 | Lair:4   | Noticed Sonja
 18474 | Lair:4   | Killed Sonja
 18536 | Lair:4   | Reached skill level 6 in Invocations
 18801 | Lair:4   | Reached skill level 7 in Invocations
 18848 | Lair:4   | Found a staircase to the Swamp.
 18920 | Lair:4   | Reached ***** piety under Makhleb
 19093 | Lair:5   | Reached skill level 8 in Invocations
 19303 | Lair:5   | Found a staircase to the Slime Pits.
 19316 | Lair:5   | Found a viscous altar of Jiyva.
 19425 | Lair:5   | Reached skill level 9 in Invocations
 19425 | Lair:5   | Reached XP level 14. HP: 100/108 MP: 20/20
 19843 | Lair:6   | Entered Level 6 of the Lair of Beasts
 19874 | Lair:6   | Reached skill level 10 in Invocations
 20080 | Lair:6   | Reached skill level 11 in Invocations
 20272 | Lair:6   | Reached skill level 12 in Invocations
 20289 | Lair:6   | Reached skill level 7 in Fighting
 20383 | Lair:6   | Reached skill level 8 in Fighting
 20586 | Lair:6   | Reached skill level 9 in Fighting
 20760 | Lair:6   | Reached skill level 10 in Fighting
 21319 | Lair:4   | Got a crude hand axe
 21319 | Lair:4   | Identified the +4 hand axe of Zeiva {speed, rC+} (You found
                  | it on level 4 of the Lair of Beasts)
 21428 | Orc:1    | Entered Level 1 of the Orcish Mines
 21428 | Orc:1    | Noticed a stone giant
 21447 | Orc:1    | Reached ****** piety under Makhleb
 21451 | Orc:1    | Killed a stone giant
 21731 | Orc:2    | Entered Level 2 of the Orcish Mines
 21731 | Orc:2    | Noticed an orc warlord
 21796 | Orc:1    | Reached skill level 11 in Fighting
 21848 | Orc:2    | Killed an orc warlord
 21923 | Orc:2    | Found a shimmering blue altar of Sif Muna.
 21950 | Orc:2    | Identified Sif Muna's Tome of Lightness
 22198 | Orc:2    | Reached XP level 15. HP: 40/128 MP: 24/24
 22356 | Orc:2    | Found Onarghaj's Armour Emporium.
 22356 | Orc:2    | Found Hocer's Distillery.
 22356 | Orc:2    | Found Latwadoesk's Weapon Shop.
 22387 | Orc:2    | Reached skill level 12 in Fighting
 22412 | Orc:2    | Found Hintirut's Distillery.
 22712 | Orc:2    | Found a staircase to the Elven Halls.
 22904 | Orc:1    | Noticed Erica
 22918 | Orc:1    | Gained mutation: You are somewhat resistant to further
                  | mutation. [a neqoxec]
 22923 | Orc:1    | Paralysed by an orc sorcerer for 7 turns
 22930 | Orc:1    | HP: 12/125 [poisoned by Erica (bolt of poison)]
 22932 | Orc:1    | Killed Erica
 23210 | Orc:1    | Found a roughly hewn altar of Beogh.
 23666 | D:12     | Noticed Maurice
 23686 | D:12     | Killed Maurice
 23800 | D:12     | Noticed Frances
 23840 | D:12     | Killed Frances
 24018 | D:12     | Reached skill level 13 in Fighting
 24764 | D:13     | Paralysed by an orc sorcerer for 2 turns
 24766 | D:13     | HP: 6/129 [deep elf knight/shard of ice (56)]
 24766 | D:13     | Killed from afar by an orc sorcerer

Vanquished Creatures
  Gastronok (Lair:2)
  Frances (D:12)
  An orc warlord (Orc:2)
  A stone giant (Orc:1)
  2 dire elephants
  8 hydras
  The ghost of p0werm0de the Wallflower, a journeyman DsFi of Uskayaw (D:11)
  Erica (Orc:1)
  4 boulder beetles
  4 catoblepae
  A vault guard (D:13)
  A centaur warrior (D:10)
  3 two-headed ogres
  A death knight (D:10)
  6 death yaks (Lair:6)
  A deep troll shaman (Lair:6)
  An orc high priest (Orc:1)
  2 skeletal warriors (Volcano)
  5 orc knights
  A deep elf archer (D:13)
  An anaconda skeleton (Volcano)
  5 lindwurms
  2 ugly things
  3 cyclopes
  2 orc sorcerers (Orc:1)
  A manticore (Lair:4)
  3 centaur zombies
  7 black mambas
  16 elephants
  Maurice (D:12)
  2 gargoyles (Volcano)
  8 cane toads
  3 rime drakes
  A torpor snail (Lair:6)
  A yaktaur (D:12)
  6 komodo dragons
  A queen bee (D:9)
  3 polar bears (Lair:6)
  4 trolls
  22 blink frogs
  A hornet (D:13)
  2 harpy skeletons (Volcano)
  Prince Ribbit (D:7)
  The ghost of dscm the Digger, an amateur OpEE (D:3)
  A shadow (D:13)
  2 flying skulls (Volcano)
  2 wraiths
  Eustachio (D:5)
  6 wyverns
  49 yaks
  6 basilisks
  5 humans (D:7)
  A vampire mosquito (D:10)
  3 wargs (Orc:1)
  2 swamp worms (Lair:4)
  Menkaure (D:7)
  17 water moccasins
  3 black bears
  37 orc warriors
  2 phantoms
  A necrophage (D:12)
  2 eyes of draining
  2 ice beasts
  2 sky beasts (D:8)
  20 wolves
  12 ogres
  15 centaurs
  A big kobold (D:8)
  13 bullfrogs
  A water moccasin zombie (D:8)
  A wyvern skeleton (D:10)
  2 scorpions
  36 killer bees
  2 howler monkeys
  10 electric eels
  4 bullfrog zombies
  A crimson imp (D:5)
  12 orc priests
  4 jellies
  2 centaur skeletons (D:12)
  A bullfrog skeleton (D:4)
  10 hounds
  28 orc wizards
  2 iguanas
  13 worker ants
  2 hell rats (Lair:6)
  A naga skeleton (Volcano)
  A hound zombie (D:10)
  A howler monkey zombie (D:5)
  A worker ant zombie (D:9)
  15 adders
  7 river rats (Lair:6)
  2 shadow imps
  2 white imps
  3 ufetubi
  An ooze (D:2)
  An adder skeleton (D:5)
  6 worms
  4 dart slugs
  7 leopard geckos
  83 orcs
  2 ball pythons
  4 giant cockroaches
  5 hobgoblins
  3 jackals
  13 kobolds
  5 quokkas
  6 bats
  5 frilled lizards
  6 goblins
  A leopard gecko skeleton (D:7)
  A quokka skeleton (D:5)
  A quokka zombie (D:10)
  5 rats
672 creatures vanquished.

Vanquished Creatures (collateral kills)
  A gargoyle (Volcano)
  A troll skeleton (Volcano)
2 creatures vanquished.

Vanquished Creatures (others)
  Sonja (Lair:4)
  A flying skull (Volcano)
  An orc warrior (Orc:2)
  An electric eel (D:6)
  9 fungi
  31 plants
  2 withered plants (D:11)
46 creatures vanquished.

Grand Total: 720 creatures vanquished

Table legend: (Time is in decaauts)
 A = Elapsed time spent in this place.
 B = Non-inter-level travel time spent in this place.
 C = Inter-level travel time spent in this place.
 D = Time resting spent in this place.
 E = Time spent auto-exploring this place.
 F = Levels seen in this place.
 G = Mean time per level.
                   A        B        C        D        E       F      G
               +--------+--------+--------+--------+--------+-----+--------+
         Total |  23512 |  21899 |   1613 |   2620 |  14961 |  23 | 1022.3 |
       Dungeon |  14592 |  13588 |   1004 |   2122 |   9234 |  13 | 1122.5 |
        Temple |    189 |    170 |     19 |      0 |    170 |   1 |  189.0 |
          Lair |   6421 |   6029 |    392 |    237 |   4416 |   6 | 1070.2 |
  Orcish Mines |   1781 |   1584 |    197 |    238 |    890 |   2 |  890.5 |
       Volcano |    527 |    527 |      0 |     23 |    250 |   1 |  527.0 |
               +--------+--------+--------+--------+--------+-----+--------+

Top non-repeatable levels by time:
     D:6: 1757 daAuts
     D:9: 1754 daAuts
  Lair:4: 1453 daAuts
     D:3: 1433 daAuts
     D:4: 1373 daAuts
     D:5: 1367 daAuts
    D:11: 1356 daAuts
     D:2: 1256 daAuts
  Lair:1: 1219 daAuts
  Lair:6: 1168 daAuts
   Orc:2: 1082 daAuts
  Lair:2: 1005 daAuts
     D:7: 953 daAuts
    D:10: 888 daAuts
     D:1: 810 daAuts

Table legend:
 A = Non-vault XP
 B = Vault XP
 C = Vault XP percentage of total XP
 D = Non-vault monster count
 E = Vault monster count
 F = Vault count percentage of total count
                 A         B        C        D         E       F
            +---------+---------+-------+---------+---------+-------
      Total |   74963 |   46746 |  38.4 |     474 |     201 |  29.8
            +---------+---------+-------+---------+---------+-------
        D:1 |      27 |       0 |   0.0 |      13 |       0 |   0.0
        D:2 |      77 |       9 |  10.5 |      24 |       3 |  11.1
        D:3 |     131 |     305 |  70.0 |      22 |      11 |  33.3
        D:4 |     323 |       0 |   0.0 |      17 |       0 |   0.0
        D:5 |     352 |     257 |  42.2 |      12 |       2 |  14.3
        D:6 |     512 |     265 |  34.1 |      17 |       6 |  26.1
        D:7 |    1181 |    1390 |  54.1 |      30 |       7 |  18.9
        D:8 |    1006 |     125 |  11.1 |      19 |       2 |   9.5
        D:9 |     640 |    1705 |  72.7 |      20 |      23 |  53.5
       D:10 |    2073 |    4404 |  68.0 |      14 |      13 |  48.1
       D:11 |    3426 |    4155 |  54.8 |      14 |      29 |  67.4
       D:12 |    4011 |    2728 |  40.5 |      22 |       2 |   8.3
       D:13 |    2956 |    1601 |  35.1 |      12 |       2 |  14.3
     Lair:1 |    5046 |     728 |  12.6 |      18 |       2 |  10.0
     Lair:2 |    5477 |    3007 |  35.4 |      25 |       5 |  16.7
     Lair:3 |    5558 |       0 |   0.0 |      20 |       0 |   0.0
     Lair:4 |    8065 |    6036 |  42.8 |      27 |      13 |  32.5
     Lair:5 |    6606 |       0 |   0.0 |      21 |       0 |   0.0
     Lair:6 |   16643 |    8975 |  35.0 |      42 |      26 |  38.2
      Orc:1 |    6967 |     976 |  12.3 |      40 |       1 |   2.4
      Orc:2 |    3886 |    6011 |  60.7 |      45 |      42 |  48.3
    Volcano |       0 |    4069 | 100.0 |       0 |      12 | 100.0
            +---------+---------+-------+---------+---------+-------
